 Dungeon Crawl Stone Soup version 0.30-a0-424-g7412bad402 (webtiles) character file.

Game seed: 11039961843119731471

7994 LordRotharoth the Cleaver (level 11, -3/97 HPs)
             Began as a Minotaur Fighter on Dec 9, 2022.
             Slain by an 11-headed hydra (7 damage)
             ... on level 2 of the Lair of Beasts.
             The game lasted 00:32:04 (7831 turns).

LordRotharoth the Cleaver (Minotaur Fighter)        Turns: 7831, Time: 00:32:05

Health: -3/97      AC: 10    Str: 35    XL:     11   Next: 4%
Magic:  11/11      EV: 13    Int:  5    God:
Gold:   1421       SH:  5    Dex: 10    Spells: 11/12 levels left

rFire   + . .      SeeInvis .    a - +2 war axe
rCold   x . .      Faith    .    c - +0 buckler
rNeg    . . .      Spirit   .    l - +1 leather armour of Zibefforph {rElec Str+10 Stlth-}
rPois   .          Reflect  .    (helmet restricted)
rElec   +          Harm     .    k - +2 cloak
rCorr   +          Rampage  .    (no gloves)
Will    .....                    m - +1 pair of boots
Stlth   +.........               f - amulet of regeneration
HPRegen 1.16/turn                e - ring of fire
MPRegen 0.12/turn                b - ring of resist corrosion

@: no status effects
A: horns 2, retaliatory headbutt
a: no special abilities


You were on level 2 of the Lair of Beasts.
You visited 3 branches of the dungeon, and saw 11 of its levels.

You collected 1421 gold pieces.

Inventory:

Hand Weapons
 a - a +2 war axe (weapon)
Armour
 c - a +0 buckler (worn)
 k - a +2 cloak (worn)
 l - the +1 leather armour of Zibefforph (worn) {rElec Str+10 Stlth-}
   (You found it on level 3 of the Dungeon)

   Str:       It affects your strength (+10).
   rElec:     It insulates you from electricity.
   Stlth:     It makes you less stealthy.
 m - a +1 pair of boots (worn)
 o - +2 acid dragon scales
Jewellery
 b - a ring of resist corrosion (right hand)
 e - a ring of fire (left hand)
 f - an amulet of regeneration (around neck)
Wands
 r - a wand of mindburst (11)
Scrolls
 d - 2 scrolls of magic mapping
 h - a scroll of teleportation
 j - 7 scrolls of identify
Potions
 g - a potion of curing
 n - a potion of flight
 p - a potion of berserk rage


   Skills:
 + Level 9.6 Fighting
 + Level 13.9 Axes
 + Level 6.2 Armour
 + Level 7.2 Dodging
 + Level 2.5 Stealth
 + Level 6.9 Shields
 + Level 1.0 Spellcasting
 + Level 0.5 Ice Magic


You had 11 spell levels left.
You knew the following spells:

 Your Spells              Type           Power      Damage    Failure   Level
a - Freeze                Ice            0%         1d3       47%         1

Your spell library contained the following spells:

 Spells                   Type           Power      Damage    Failure   Level
 Foxfire                  Conj/Fire      0%         2x1d4     54%         1
 Magic Dart               Conj           0%         1d3       54%         1
 Ensorcelled Hibernation  Hex/Ice        0%         N/A       65%         2
 Call Imp                 Summ           0%         N/A       69%         2
 Frozen Ramparts          Ice            0%         1d1       85%         3
 Hailstorm                Conj/Ice       0%         3d3       87%         3
 Mephitic Cloud           Conj/Pois/Air  0%         N/A       89%         3
 Spider Form              Tmut/Pois      0%         N/A       89%         3
 Anguish                  Hex/Necr       0%         N/A       100%        4
 Cause Fear               Hex            0%         N/A       100%        4
 Fireball                 Conj/Fire      0%         3d3       100%        5
 Starburst                Conj/Fire      0%         6d3       100%        6
 Dragon Form              Tmut           0%         N/A       100%        7
 Dragon's Call            Summ           0%         N/A       100%        9


Dungeon Overview and Level Annotations

Branches:
Dungeon (8/15)             Temple (1/1) D:7            Lair (2/5) D:8
  Swamp: Lair:2-3    Shoals: Lair:2-3     Snake: Lair:2-3    Spider: Lair:2-3

Altars:
Ashenzari
Cheibriados
Dithmenos
Elyvilon
Gozag
Hepliaklqana
Ru
Sif Muna
Vehumet
Zin
The Shining One

Shops:
D:5 (


Innate Abilities, Weirdness & Mutations

You have a pair of horns on your head.
You reflexively headbutt those who attack you in melee.


Message History

The 11-headed hydra bites you! x2
* * * LOW HITPOINT WARNING * * *
You block the 11-headed hydra's attack.
The 11-headed hydra bites you but does no damage. x2
The 11-headed hydra bites you!
* * * LOW HITPOINT WARNING * * *
The 11-headed hydra bites you!
* * * LOW HITPOINT WARNING * * *
The 11-headed hydra bites you.
* * * LOW HITPOINT WARNING * * *
You feel better. The 11-headed hydra misses you.
The 11-headed hydra barely misses you. The 11-headed hydra misses you.
The 11-headed hydra closely misses you.
The 11-headed hydra completely misses you. x2
The 11-headed hydra bites you.
* * * LOW HITPOINT WARNING * * *
The 11-headed hydra bites you.
* * * LOW HITPOINT WARNING * * *
The 11-headed hydra closely misses you. You block the 11-headed hydra's attack.
The 11-headed hydra bites you but does no damage.
You feel better.
The 11-headed hydra bites you but does no damage.
The 11-headed hydra bites you!
* * * LOW HITPOINT WARNING * * *
You block the 11-headed hydra's attack.
The 11-headed hydra closely misses you. x2
The 11-headed hydra bites you but does no damage. x2
You block the 11-headed hydra's attack. The 11-headed hydra bites you!
* * * LOW HITPOINT WARNING * * *
The 11-headed hydra misses you. The 11-headed hydra bites you.
* * * LOW HITPOINT WARNING * * *
You feel better. The 11-headed hydra barely misses you.
The 11-headed hydra bites you but does no damage.
You block the 11-headed hydra's attack. The 11-headed hydra bites you.
* * * LOW HITPOINT WARNING * * *
The 11-headed hydra bites you!
* * * LOW HITPOINT WARNING * * *
The 11-headed hydra bites you.
* * * LOW HITPOINT WARNING * * *
The 11-headed hydra bites you!
You die...

#..##.##### #..# # #..#
#### ##.# .... ###
#..####..# # ####
#.###..#.P#..##..
###..###....D...........
..........#.####D..#..#
....##..##### #@###
######### ### #


You could see a 11-headed hydra.

Vanquished Creatures
  2 lindwurms (Lair:1)
  An elephant (D:8)
  3 cane toads (Lair:1)
  A komodo dragon (Lair:2)
  3 blink frogs (Lair:1)
  8 yaks
  A wyvern (D:8)
  A steam dragon (D:8)
  Eustachio (D:4)
  3 basilisks
  7 water moccasins
  An acid dragon (D:6)
  A black bear (D:8)
  2 sky beasts (D:7)
  A centaur (D:6)
  An ogre (D:5)
  Blork the orc (D:6)
  2 phantoms (D:4)
  7 bullfrogs
  3 scorpions
  6 wights (D:7)
  2 jellies
  An orc priest (D:5)
  6 hounds
  2 iguanas
  An orc wizard (D:6)
  9 adders
  4 gnolls (D:6)
  3 shadow imps (D:7)
  3 white imps
  4 ufetubi (D:7)
  A worm (D:2)
  5 dart slugs
  19 orcs
  7 bats
  6 endoplasms
  3 giant cockroaches (D:4)
  2 hobgoblins (D:1)
  3 kobolds
  3 quokkas
  5 ball pythons
  2 frilled lizards (D:2)
  6 goblins
  5 rats
158 creatures vanquished.

Vanquished Creatures (others)
  10 demonic plants (D:7)
  10 fungi
  13 plants
33 creatures vanquished.

Grand Total: 191 creatures vanquished

Notes
Turn   | Place    | Note
-------+----------+-------------------------------------------
     0 | D:1      | LordRotharoth the Minotaur Fighter began the quest for the
                  | Orb.
     0 | D:1      | Reached XP level 1. HP: 19/19 MP: 0/0
   242 | D:1      | Reached XP level 2. HP: 25/27 MP: 1/1
   627 | D:1      | Reached skill level 3 in Axes
   637 | D:1      | Identified a scroll of acquirement
   637 | D:1      | Acquired 917 gold pieces
   831 | D:2      | Reached XP level 3. HP: 33/33 MP: 2/2
  1068 | D:2      | Found a faded altar of an unknown god.
  1854 | D:3      | Identified the +1 leather armour of Zibefforph {rElec
                  | Str+10 Stlth-}
  1911 | D:3      | Reached XP level 4. HP: 40/40 MP: 3/3
  2337 | D:4      | Found an opulent altar of Gozag.
  2497 | D:4      | Reached skill level 4 in Axes
  2501 | D:4      | Noticed a water moccasin
  2501 | D:4      | Noticed a phantom
  2506 | D:4      | Killed a phantom
  2507 | D:4      | Reached XP level 5. HP: 46/46 MP: 4/4
  2512 | D:4      | Killed a water moccasin
  2513 | D:4      | Reached skill level 5 in Axes
  2513 | D:4      | Reached skill level 1 in Dodging
  2513 | D:4      | Reached skill level 1 in Stealth
  2513 | D:4      | Reached XP level 6. HP: 45/53 MP: 5/5
  2633 | D:4      | Reached skill level 5 in Armour
  2708 | D:4      | Reached skill level 6 in Axes
  3022 | D:4      | Noticed Eustachio
  3028 | D:4      | Killed Eustachio
  3029 | D:4      | Reached skill level 7 in Axes
  3029 | D:4      | Reached XP level 7. HP: 57/60 MP: 6/6
  3134 | D:5      | Entered Level 5 of the Dungeon
  3146 | D:5      | Found a radiant altar of Vehumet.
  3164 | D:5      | Identified the +1 robe of the Ditch-Digger {-Tele Will+++
                  | Regen+ Dex-2}
  3216 | D:5      | Learned a level 1 spell: Freeze
  3303 | D:5      | Found Xeutruni's Weapon Shop.
  3327 | D:5      | Reached skill level 5 in Fighting
  3680 | D:6      | Noticed Blork the orc
  3692 | D:6      | Killed Blork the orc
  3693 | D:6      | Reached skill level 8 in Axes
  3823 | D:6      | Reached XP level 8. HP: 59/68 MP: 7/7
  4119 | D:6      | Found a snail-covered altar of Cheibriados.
  4717 | D:6      | Reached skill level 5 in Shields
  4999 | D:7      | Reached skill level 9 in Axes
  5042 | D:7      | Reached skill level 1 in Spellcasting
  5362 | D:7      | Found a staircase to the Ecumenical Temple.
  5371 | Temple   | Entered the Ecumenical Temple
  5540 | D:7      | Reached skill level 10 in Axes
  5684 | D:7      | Reached XP level 9. HP: 76/78 MP: 9/9
  6055 | D:8      | Noticed an elephant
  6056 | D:8      | Found a staircase to the Lair.
  6072 | D:8      | Killed an elephant
  6078 | D:8      | Reached skill level 11 in Axes
  6127 | Lair:1   | Entered Level 1 of the Lair of Beasts
  6130 | Lair:1   | Noticed a cane toad
  6135 | Lair:1   | Killed a cane toad
  6136 | Lair:1   | Reached skill level 5 in Dodging
  6153 | Lair:1   | Noticed a cane toad
  6164 | Lair:1   | Killed a cane toad
  6249 | Lair:1   | Noticed a lindwurm
  6256 | Lair:1   | Noticed a lindwurm
  6447 | Lair:1   | Noticed a cane toad
  6464 | Lair:1   | Killed a cane toad
  6465 | Lair:1   | Reached XP level 10. HP: 50/88 MP: 10/10
  6800 | Lair:1   | Reached skill level 12 in Axes
  7119 | Lair:1   | Killed a lindwurm
  7120 | Lair:1   | Reached skill level 13 in Axes
  7322 | Lair:1   | Killed a lindwurm
  7643 | Lair:2   | Reached XP level 11. HP: 22/97 MP: 11/11
  7643 | Lair:2   | HP: 3/97 [yak (12)]
  7648 | Lair:2   | HP: 3/97 [komodo dragon (19)]
  7784 | Lair:2   | Noticed a four-headed hydra
  7831 | Lair:2   | HP: 4/97 [11-headed hydra (6)]
  7831 | Lair:2   | Slain by an 11-headed hydra

Illustrated notes

Levels and vault maps discovered:
D:1:      minmay_arrival_jagged, layout_basic, corner_web_ring,
          kennysheep_doodads, minmay_unequal
D:2:      layout_basic, nicolae_ecumenical_lake_church
D:3:      layout_basic, dk_noncrumbling_3, minmay_misc_feat_iff
D:4:      layout_rooms, nicolae_gozag_seed_capital, st_stairs_9, uniq_eustachio
D:5:      layout_basic, mainiacjoe_overflow_tiny_flanked, serial_shops,
          nicolae_shop_statue_plus, minmay_misc_feat_rugged
D:6:      layout_layer_cave, mainiacjoe_overflow_surrounded_room,
          uniq_blork_the_orc
D:7:      layout_gridville, minmay_temple_entry_waves, serial_demonic,
          serial_demonic_a, serial_demonic_a, serial_demonic_c,
          serial_demonic_f, serial_demonic_a, serial_demonic_f, serial_demonic_e
D:8:      layout_basic, lemuel_tele_altar, david_lair_generic, serial_shops,
          nicolae_stop_n_shop_1
Temple:   nicolae_temple_slightly_damp_pantheon
Lair:1:   layout_hall_layers, chequers_serial_rivers_small_b,
          nicolae_lair_lindhole, serial_bayou_shore_b, grunt_megastairs_1
Lair:2:   layout_loops_ring, lightli_volcano_entry_magma_tube, pond,
          grunt_megastairs_5

Skill      XL: |  1  2  3  4  5  6  7  8  9 10 |
---------------+-------------------------------+-----
Shields        | 4 5 6 |  6.9
Axes           | 3 4 5 7 8 10 11 13 | 13.9
Fighting       | 4 5 6 8 9 |  9.6
Armour         | 4 5 6 |  6.2
Dodging        | 1 2 3 5 7 |  7.2
Stealth        | 1 2 |  2.5
Spellcasting   | 1 |  1.0
Ice Magic      | |  0.5

Action                   |  1- 3 |  4- 6 |  7- 9 | 10-12 || total
-------------------------+-------+-------+-------+-------++-------
Melee: War axe           |    79 |    71 |   230 |   158 ||   538
       Headbutt          |    12 |     2 |    57 |    50 ||   121
 Cast: Freeze            |       |       |     1 |       ||     1
  Use: Scroll            |     8 |     4 |     4 |     5 ||    21
       Potion            |     4 |     2 |     4 |     5 ||    15
Armor: Scale mail        |    50 |       |       |       ||    50
       Leather armour    |       |    29 |    60 |    39 ||   128
Dodge: Dodged            |    55 |    41 |   108 |    86 ||   290
Block: Buckler           |    15 |    15 |    43 |    35 ||   108

Table legend: (Time is in decaauts)
 A = Elapsed time spent in this place.
 B = Non-inter-level travel time spent in this place.
 C = Inter-level travel time spent in this place.
 D = Time resting spent in this place.
 E = Time spent auto-exploring this place.
 F = Levels seen in this place.
 G = Mean time per level.
                   A        B        C        D        E       F      G
               +--------+--------+--------+--------+--------+-----+--------+
         Total |   7880 |   7880 |      0 |    988 |   3523 |  11 |  716.4 |
       Dungeon |   6055 |   6055 |      0 |    472 |   3050 |   8 |  756.9 |
        Temple |    135 |    135 |      0 |      0 |     70 |   1 |  135.0 |
          Lair |   1689 |   1689 |      0 |    516 |    403 |   2 |  844.5 |
               +--------+--------+--------+--------+--------+-----+--------+

Top non-repeatable levels by time:
  Lair:1: 1440 daAuts
     D:6: 1309 daAuts
     D:7: 861 daAuts
     D:2: 799 daAuts
     D:1: 796 daAuts
     D:4: 796 daAuts
     D:3: 772 daAuts
     D:5: 544 daAuts
  Lair:2: 248 daAuts
     D:8: 176 daAuts
  Temple: 135 daAuts
